 Dungeon Crawl Stone Soup version 0.22.1-1-ga44c0e5 (webtiles) character file.

2200 HoaS the Fighter (level 9, -3/60 HPs)
             Began as a Gargoyle Gladiator on Oct 6, 2018.
             Slain by a fire bat (8 damage)
             ... on level 1 of the Abyss.
             The game lasted 00:16:49 (4617 turns).

HoaS the Fighter (Gargoyle Gladiator)               Turns: 4617, Time: 00:16:50

Health: -3/60      AC: 21    Str: 24    XL:     9   Next: 34%
Magic:  9/9        EV:  9    Int:  9    God:
Gold:   177        SH:  0    Dex: 11    Spells: 8/8 levels left

rFire    . . .     SeeInvis .   a - +0 quarterstaff
rCold    . . .     Gourm    .   (shield currently unavailable)
rNeg     + . .     Faith    .   g - +1 chain mail (curse)
rPois    ∞         Spirit   .   c - +0 helmet
rElec    +         Reflect  .   (no cloak)
rCorr    .         Harm     .   j - +0 pair of gloves
MR       .....                  u - +0 pair of boots
Stlth    ..........             p - amulet of rage
HPRegen  0.20/turn              q - +3 ring of strength
MPRegen  0.11/turn              (no ring)

@: no status effects
A: negative energy resistance 1, electricity resistance, unbreathing,
petrification resistance, rot immunity, AC +6
a: Evoke Berserk Rage


You were on level 1 of the Abyss.
You were not hungry.

You visited 1 branch of the dungeon, and saw 6 of its levels.
You visited the Abyss 1 time.
You also visited: Sewer.

You collected 177 gold pieces.

Inventory:

Hand Weapons
 a - a +0 quarterstaff (weapon)
Missiles
 d - 3 throwing nets (quivered)
 e - 28 poisoned needles
Armour
 c - a +0 helmet (worn)
 g - a cursed +1 chain mail (worn)
 j - a +0 pair of gloves (worn)
 u - a +0 pair of boots (worn)
Jewellery
 p - an amulet of rage (around neck)
 q - a +3 ring of strength (left hand)
Wands
 s - a wand of flame (17)
Scrolls
 b - 3 scrolls of remove curse
 t - 2 scrolls of identify
 w - a scroll of fear
Potions
 h - a potion of brilliance {unknown}
 i - a potion of might
 k - 2 potions of magic {unknown}
 l - a potion of flight {unknown}
 m - 4 potions of curing
 n - a potion of lignification {unknown}
 o - a potion of mutation {unknown}
 r - 2 potions of heal wounds
Comestibles
 f - 13 rations


   Skills:
 * Level 8.7 Fighting
 * Level 8.3 Staves
 - Level 1.7 Throwing
 + Level 5.6 Armour
 - Level 2.4 Dodging


You had 8 spell levels left.
You didn't know any spells.
Your spell library contained the following spells:

 Spells                   Type           Power        Failure   Level  Hunger
 Magic Dart               Conj           #...         95%         1    ##.....
 Searing Ray              Conj           #.....       99%         2    ###....
 Dazzling Spray           Conj/Hex       #.....       100%        3    ####...
 Force Lance              Conj/Tloc      #.......     100%        4    #####..
 Fulminant Prism          Conj/Hex       #.........   100%        4    #####..
 Iskenderun's Mystic Bla  Conj           #.......     100%        4    #####..


Dungeon Overview and Level Annotations

Branches:
Dungeon (6/15)             Temple (0/1) D:4

Altars:


Innate Abilities, Weirdness & Mutations

You are resistant to torment.
Your stone body is resilient. (AC +6)
You are immune to poison.
You resist negative energy. (rN+)
You are resistant to electric shocks. (rElec)
You can survive without breathing.
You are immune to petrification.
You are immune to rotting.


Message History

The fire bat is moderately wounded.
The fire bat bites you but does no damage.
The fire bat misses you. The fire bat barely misses you.
The fire bat bites you but does no damage.
The fire bat closely misses you. The fire bat barely misses you.
You barely miss the fire bat. The fire bat barely misses you.
The fire bat bites you but does no damage.
The fire bat closely misses you. The fire bat completely misses you.
The fire bat bites you but does no damage.
The fire bat completely misses you. The fire bat bites you.
* * * LOW HITPOINT WARNING * * *
You are engulfed in flames.
* * * LOW HITPOINT WARNING * * *
The fire bat bites you but does no damage.
You sock the fire bat!
The fire bat is severely wounded.
The fire bat completely misses you. The fire bat bites you.
* * * LOW HITPOINT WARNING * * *
You are engulfed in flames!
You die...

..(... ...... .
..... .. ....##
##. ....##..
#....# #b.b.#
#b@..#
.=....b.....#
...............#
............#.##
...........## #
..........##
#........#.
#...........


You could see 4 fire bats.

Vanquished Creatures
  A two-headed ogre (D:5)
  Sigmund (D:3)
  An ice beast (D:6)
  A sky beast (D:6)
  2 ogres
  4 big kobolds (Sewer)
  A scorpion (D:5)
  A howler monkey (D:5)
  A crimson imp (D:6)
  A jelly (D:5)
  A bullfrog zombie (D:5)
  2 orc wizards (D:6)
  2 iguanas
  Jessica (D:3)
  A bullfrog skeleton (D:4)
  Ijyb (D:2)
  4 worker ants (D:4)
  A worker ant zombie (D:5)
  10 adders
  4 gnolls
  3 river rats
  A shadow imp (D:6)
  8 oozes
  An adder skeleton (D:6)
  7 worms
  3 leopard geckos
  4 orcs
  7 bats
  2 giant cockroaches
  19 goblins
  7 hobgoblins
  12 jackals
  A quokka (D:5)
  6 ball pythons
  4 frilled lizards
  A jackal skeleton (D:5)
  15 kobolds
  A leopard gecko skeleton (D:6)
  12 rats
155 creatures vanquished.

Notes
Turn   | Place    | Note
-------+----------+-------------------------------------------
     0 | D:1      | HoaS the Gargoyle Gladiator began the quest for the Orb.
     0 | D:1      | Reached XP level 1. HP: 12/12 MP: 1/1
    49 | D:1      | Reached XP level 2. HP: 15/18 MP: 2/2
   270 | D:1      | Reached skill level 1 in Armour
   273 | D:1      | Reached XP level 3. HP: 13/22 MP: 3/3
   900 | D:2      | Reached XP level 4. HP: 25/28 MP: 4/4
  1392 | D:3      | Reached XP level 5. HP: 32/33 MP: 5/5
  1405 | D:3      | Noticed Sigmund
  1405 | D:3      | Noticed Ijyb
  1550 | D:2      | Killed Ijyb
  1586 | D:3      | Killed Sigmund
  1586 | D:3      | Reached XP level 6. HP: 32/40 MP: 6/6
  1605 | D:3      | Noticed Jessica
  1620 | D:3      | Killed Jessica
  1620 | D:3      | Reached skill level 5 in Staves
  2062 | D:4      | Reached skill level 5 in Fighting
  2266 | D:4      | Reached XP level 7. HP: 44/44 MP: 7/7
  2565 | D:4      | Found a staircase to the Ecumenical Temple.
  2842 | D:5      | Entered Level 5 of the Dungeon
  3200 | D:5      | Noticed a two-headed ogre
  3207 | D:5      | Killed a two-headed ogre
  3207 | D:5      | Reached XP level 8. HP: 13/53 MP: 8/8
  3447 | D:5      | Found a glowing drain.
  3457 | Sewer    | Entered a sewer
  3613 | Sewer    | Reached skill level 5 in Armour
  3722 | Sewer    | Reached XP level 9. HP: 59/59 MP: 9/9
  4596 | D:6      | Cast into level 1 of the Abyss (gnoll)
  4617 | Abyss:1  | Slain by a fire bat

Skill      XL: |  1  2  3  4  5  6  7  8  9 |
---------------+----------------------------+-----
Armour         | 1 2 3 4 5 |  5.6
Fighting       | 3 4 5 7 8 |  8.7
Staves         | 4 5 7 8 |  8.3
Throwing       | |  1.7
Dodging        | |  2.4

Action                   |  1- 3 |  4- 6 |  7- 9 || total
-------------------------+-------+-------+-------++-------
Melee: Quarterstaff      |    82 |   223 |   382 ||   687
  Use: Scroll            |     2 |     3 |     7 ||    12
       Potion            |       |       |     2 ||     2
  Eat: Chunk             |       |     5 |     8 ||    13
Armor: Leather armour    |    16 |       |       ||    16
       Ring mail         |    16 |    77 |       ||    93
       Chain mail        |       |    41 |   263 ||   304
Dodge: Dodged            |    66 |   137 |   165 ||   368
